 Dungeon Crawl Stone Soup version 0.21.1-1-g345015f (webtiles) character file.

3775 Monsterracer the Carver (level 10, -2/69 HPs)
             Began as an Octopode Monk on Feb 12, 2018.
             Was a Follower of Dithmenos.
             Slain by a yak (11 damage)
             ... on level 9 of the Dungeon.
             The game lasted 00:12:00 (9390 turns).

Monsterracer the Carver (Octopode Monk)             Turns: 9390, Time: 00:12:01

Health: -2/69      AC:  3    Str: 12    XL:     10   Next: 16%
Magic:  12/12      EV: 13    Int: 12    God:    Dithmenos [*.....]
Gold:   410        SH: 17    Dex: 17    Spells: 9/9 levels left

rFire    . . .     SeeInvis .   b - +1 dagger (venom)
rCold    . . .     Gourm    .   i - +0 large shield
rNeg     . . .     Faith    .   (helmet restricted)
rPois    .         Spirit   .   o - +4 amulet of reflection
rElec    .         Reflect  +   s - +2 ring of protection
rCorr    .         Harm     .   (no ring)
MR       .....                  (no ring)
Stlth    ++++++....             (no ring)
HPRegen  0.21/turn              (no ring)
MPRegen  0.13/turn              (no ring)
                                (no ring)
                                (no ring)

@: wreathed by umbra
A: almost no armour, stealthy swim, amphibious, 8 rings, constrict 8, camouflage
1, gelatinous body 1
a: Renounce Religion


You were on level 9 of the Dungeon.
You worshipped Dithmenos.
Dithmenos was aware of your devotion.
You were not hungry.

You visited 2 branches of the dungeon, and saw 10 of its levels.

You collected 418 gold pieces.
You donated 8 gold pieces to Zin.

Inventory:

Hand Weapons
 a - a +1 falchion
 b - a +1 dagger of venom (weapon)
Armour
 i - a +0 large shield (worn)
Jewellery
 n - an uncursed amulet of rage
 o - a +4 amulet of reflection (around mantle)
 s - a +2 ring of protection (left tentacle)
Wands
 k - a wand of digging (11)
Scrolls
 e - 3 scrolls of fear {!r}
 f - 2 scrolls of enchant weapon
 g - 3 scrolls of teleportation
 t - a scroll of amnesia
Potions
 d - a potion of ambrosia {unknown}
 h - a potion of lignification
 j - a potion of cancellation {unknown}
 l - a potion of flight
 m - a potion of heal wounds
 p - 2 potions of curing
 q - 3 potions of agility
 r - a potion of might {unknown}
Comestibles
 c - 12 rations


   Skills:
 + Level 6.5 Fighting
 * Level 8.8 Long Blades
 + Level 6.5 Dodging
 + Level 8.6 Stealth
 + Level 4.9 Shields
 + Level 3.3 Invocations


You had 9 spell levels left.
You didn't know any spells.

Dungeon Overview and Level Annotations

Branches:
Dungeon (9/15)             Temple (1/1) D:7            Lair (0/6) D:9
    Orc: D:9-12

Altars:
Ashenzari
Cheibriados
Dithmenos
Elyvilon
Fedhas
Gozag
Hepliaklqana
Kikubaaqudgha
Makhleb
Nemelex Xobeh
Okawaru
Qazlal
Ru
Sif Muna
Trog
Uskayaw
Vehumet
Wu Jian
Xom
Yredelemnul
Zin
The Shining One

Shops:
D:6 :


Innate Abilities, Weirdness & Mutations

You cannot wear most types of armour.
You are very stealthy in the water. (Stealth+)
You are amphibious.
You can wear up to eight rings at the same time.
You can use your tentacles to constrict eight enemies at once.
Your skin changes colour to match your surroundings (Stealth+).
Your rubbery body absorbs attacks. (AC +1, EV +1)


Message History

The scorpion stings the plant but does no damage.
The fungus is destroyed!
You see here a porcupine corpse.
A porcupine comes into view.
The scorpion stings the plant but does no damage.
Things that are here:
a leather armour; a bullfrog corpse; an orc corpse You butcher the bullfrog corpse.
The scorpion stings the fungus!
The fungus is destroyed!
Things that are here:
a leather armour; 4 chunks of flesh; an orc corpse Eat one of 4 chunks of flesh? (ye/n/q)
You eat one of the 4 chunks of flesh.
This raw flesh tastes terrible.
The porcupine bites the plant but does no damage.
You barely miss the scorpion. You grab the scorpion.
Your squeeze misses the scorpion.
You constrict the scorpion, but do no damage.
The scorpion closely misses you.
A yak comes into view.
You hit the scorpion.
The scorpion is poisoned.
You squeeze the scorpion.
The scorpion is lightly wounded.
You constrict the scorpion, but do no damage.
You hit the scorpion.
The scorpion looks as sick as possible!
The scorpion is moderately wounded.
You constrict the scorpion.
You kill the scorpion!
Dithmenos accepts your kill.
You are struck by the porcupine's spines.
You hit the porcupine.
The porcupine is poisoned.
The porcupine is moderately wounded.
You block the porcupine's attack.
The scorpion stings the plant.
The plant is poisoned.
The scorpion poisons the plant!
You take 11 damage, and have 36/69 hp.
You hit the porcupine.
The porcupine looks as sick as possible!
The porcupine is heavily wounded.
You block the porcupine's attack.
The scorpion stings the plant.
You barely miss the porcupine.
You squeeze the porcupine, but do no damage.
The porcupine is heavily wounded.
You block the porcupine's attack.
The yak gores the fungus!
The scorpion stings the plant.
You are struck by the porcupine's spines.
* * * LOW HITPOINT WARNING * * *
You closely miss the porcupine.
The porcupine is severely wounded.
You block the porcupine's attack.
The yak gores the fungus.
The porcupine barely misses you.
The scorpion stings the plant.
You take 11 damage, and have 26/69 hp.
The yak completely misses the fungus.
You block the porcupine's attack.
The scorpion stings the plant but does no damage.
The yak gores the fungus.
You kill the porcupine!
Dithmenos accepts your kill.
You hit the plant but do no damage. You grab the plant. You squeeze the plant!
The plant is lightly damaged.
You constrict the plant, but do no damage.
You hit the plant but do no damage. You squeeze the plant.
The plant is moderately damaged.
You constrict the plant, but do no damage.
You barely miss the scorpion. You grab the scorpion. You constrict the plant.
You constrict the scorpion, but do no damage.
You block the scorpion's attack.
You hit the scorpion.
The scorpion is poisoned.
You squeeze the scorpion.
The scorpion is heavily wounded.
You constrict the plant. You constrict the scorpion. The scorpion stings you!
* * * LOW HITPOINT WARNING * * *
You take 8 damage, and have 19/69 hp.
You hit the scorpion but do no damage.
The scorpion looks even sicker.
The scorpion is severely wounded.
You constrict the plant, but do no damage.
You constrict the scorpion.
You kill the scorpion!
Dithmenos accepts your kill.
You barely miss the yak. You constrict the plant. You block the yak's attack.
You hit the yak.
The yak is lightly wounded.
You constrict the plant. You hit the yak.
The yak is poisoned.
Your squeeze misses the yak.
The yak is lightly wounded.
You constrict the plant, but do no damage.
You block the yak's attack.
You hit the yak but do no damage.
The yak is lightly wounded.
You constrict the plant, but do no damage.
You block the yak's attack.
You hit the yak but do no damage.
The yak looks as sick as possible!
You squeeze the yak.
The yak is moderately wounded.
You constrict the plant. The yak misses you.
You hit the yak but do no damage.
The yak looks as sick as possible!
The yak is moderately wounded.
You constrict the plant. The yak gores you!
* * * LOW HITPOINT WARNING * * *
You take 12 damage, and have 9/69 hp.
You hit the yak.
The yak looks as sick as possible!
You squeeze the yak, but do no damage.
The yak is moderately wounded.
You constrict the plant. The yak gores you!
You die...

...... ...... #......
....... ##.......
##<.......
######....P$...
...####.......P..P..P
.........††.P@PPP.P.P
...###..P[..YPP.PPPP.


#.P..P.PP.PPP.PP #....P.P..PPP.PPP #.P...PP.PP.P.... .....P.P.P..>PP...
..#.P.PP.....P...P. ...P..P.PPP.P.P.P.P ......PPP.PP.PP.P You could see a yak.

Vanquished Creatures
  A hippogriff (D:7)
  The ghost of jazmu the Magician, an amateur OpFE (D:5)
  A wyvern (D:7)
  3 porcupines (D:9)
  An orc warrior (D:7)
  An ice beast (D:8)
  A sky beast (D:9)
  The ghost of Mesmaeker13 the Charmwright, an amateur DrSk (D:3)
  A black bear (D:9)
  A phantom (D:5)
  A necrophage (D:8)
  3 centaurs
  A big kobold (D:8)
  2 bullfrogs
  A gnoll sergeant (D:8)
  9 scorpions
  5 howler monkeys
  2 centaur zombies
  4 crimson imps
  3 bullfrog zombies
  4 jellies
  3 bullfrog skeletons
  A gnoll shaman (D:6)
  4 orc priests
  4 orc wizards
  An iguana (D:4)
  2 worker ants
  3 hound skeletons
  A howler monkey zombie (D:7)
  11 adders
  8 gnolls
  2 shadow imps (D:6)
  An ooze (D:4)
  An adder skeleton (D:6)
  2 worms
  2 dart slugs
  2 leopard geckos
  18 orcs
  A ball python (D:4)
  4 giant cockroaches
  6 goblins
  2 hobgoblins
  4 jackals (D:2)
  12 kobolds
  2 quokkas
  10 bats
  4 frilled lizards (D:2)
  A jackal skeleton (D:4)
  A leopard gecko zombie (D:9)
  2 quokka zombies
  4 rats
166 creatures vanquished.

Vanquished Creatures (others)
  A centaur (D:8)
  4 fungi (D:9)
  A plant (D:9)
6 creatures vanquished.

Grand Total: 172 creatures vanquished

Notes
Turn   | Place    | Note
-------+----------+-------------------------------------------
     0 | D:1      | Monsterracer the Octopode Monk began the quest for the Orb.
     0 | D:1      | Reached XP level 1. HP: 16/16 MP: 1/1
   144 | D:1      | Reached XP level 2. HP: 18/21 MP: 2/2
   584 | D:2      | Reached XP level 3. HP: 26/26 MP: 3/3
   694 | D:2      | Reached XP level 4. HP: 24/31 MP: 4/4
   700 | D:2      | HP: 14/31 [adder (3)]
   711 | D:2      | HP: 12/31 [dart slug (3)]
  1169 | D:2      | Found a faded altar of an unknown god.
  1182 | D:2      | Became a worshipper of Zin the Law-Giver
  1182 | D:2      | Reached * piety under Zin
  1182 | D:2      | Reached ** piety under Zin
  1182 | D:2      | Reached *** piety under Zin
  1183 | D:2      | Fell from the grace of Zin
  1543 | D:3      | Noticed Mesmaeker13's ghost (amateur DrSk)
  1794 | D:3      | HP: 14/31 [Mesmaeker13's ghost (6)]
  1797 | D:3      | Killed Mesmaeker13's ghost
  1797 | D:3      | Reached XP level 5. HP: 17/37 MP: 2/5
  2344 | D:4      | Reached XP level 6. HP: 24/43 MP: 2/6
  2345 | D:4      | HP: 21/43 [adder (3)]
  2353 | D:4      | HP: 15/43 [poisoned by an adder]
  2361 | D:4      | HP: 14/43 [poisoned by an adder]
  2779 | D:4      | Reached skill level 5 in Long Blades
  3026 | D:4      | HP: 21/43 [scorpion (3)]
  3029 | D:4      | HP: 7/43 [orc priest/divine providence (12)]
  3030 | D:4      | Reached skill level 5 in Stealth
  3030 | D:4      | Reached skill level 1 in Shields
  3030 | D:4      | Reached XP level 7. HP: 8/48 MP: 7/7
  3036 | D:4      | HP: 6/48 [poisoned by a scorpion]
  3044 | D:4      | HP: 6/48 [poisoned by a scorpion]
  3593 | D:5      | Entered Level 5 of the Dungeon
  3609 | D:5      | Found a hide-covered altar of Uskayaw.
  3633 | D:5      | HP: 19/48 [phantom (9)]
  3649 | D:5      | HP: 14/49 [adder (4)]
  3930 | D:5      | HP: 24/49 [jelly (3)]
  3934 | D:5      | HP: 5/49 [acid (10)]
  4364 | D:5      | Noticed jazmu's ghost (amateur OpFE)
  4370 | D:5      | HP: 21/49 [jazmu's ghost/flame tongue (18)]
  4704 | D:5      | Reached XP level 8. HP: 53/54 MP: 8/8
  4824 | D:5      | Found a hide-covered altar of Uskayaw.
  4999 | D:5      | HP: 27/54 [jazmu's ghost (4)]
  5003 | D:5      | Killed jazmu's ghost
  5004 | D:5      | HP: 20/54 [poisoned by jazmu's ghost]
  5009 | D:5      | HP: 15/54 [poisoned by jazmu's ghost]
  5015 | D:5      | HP: 11/54 [poisoned by jazmu's ghost]
  5020 | D:5      | HP: 9/54 [poisoned by jazmu's ghost]
  5025 | D:5      | HP: 8/54 [poisoned by jazmu's ghost]
  5032 | D:5      | HP: 7/54 [poisoned by jazmu's ghost]
  5040 | D:5      | HP: 7/54 [poisoned by jazmu's ghost]
  5323 | D:6      | Reached skill level 5 in Fighting
  5324 | D:6      | Reached skill level 5 in Dodging
  5332 | D:6      | HP: 27/55 [poisoned by a gnoll]
  5339 | D:6      | HP: 25/55 [poisoned by a gnoll]
  5346 | D:6      | HP: 25/55 [poisoned by a gnoll]
  5354 | D:6      | HP: 24/55 [poisoned by a gnoll]
  5774 | D:6      | Found Ryramm's Book Shoppe.
  5828 | D:6      | Found a shimmering altar of Xom.
  5828 | D:6      | Found a shimmering altar of Xom.
  5829 | D:6      | Found a shimmering altar of Xom.
  5830 | D:6      | Found a shimmering altar of Xom.
  5830 | D:6      | Found a shimmering altar of Xom.
  6303 | D:7      | HP: 24/55 [orc priest/divine providence (15)]
  6701 | D:7      | Noticed a hippogriff
  6744 | D:7      | HP: 40/84 [hippogriff (6)]
  6747 | D:7      | Killed a hippogriff
  6747 | D:7      | Reached XP level 9. HP: 29/61 MP: 9/9
  6981 | D:7      | Found a staircase to the Ecumenical Temple.
  6988 | Temple   | Entered the Ecumenical Temple
  7047 | Temple   | Became a worshipper of Dithmenos the Shadowed
  7374 | D:7      | Reached skill level 1 in Invocations
  7541 | D:7      | HP: 24/62 [orc warrior/short sword (15)]
  7542 | D:7      | HP: 10/62 [orc warrior/short sword (13)]
  7547 | D:7      | HP: 7/62 [poisoned by an orc wizard]
  7553 | D:7      | HP: 5/62 [poisoned by an orc wizard]
  7558 | D:7      | HP: 4/62 [poisoned by an orc wizard]
  7565 | D:7      | HP: 3/62 [poisoned by an orc wizard]
  7573 | D:7      | HP: 3/62 [poisoned by an orc wizard]
  8893 | D:8      | Reached * piety under Dithmenos
  8906 | D:8      | Found a hazy altar of Hepliaklqana.
  9323 | D:9      | Found a staircase to the Lair.
  9326 | D:9      | Reached XP level 10. HP: 58/69 MP: 12/12
  9375 | D:9      | HP: 26/69 [porcupine's spines (11)]
  9382 | D:9      | HP: 19/69 [scorpion (8)]
  9389 | D:9      | HP: 9/69 [yak (12)]
  9390 | D:9      | Slain by a yak

Skill      XL: |  1  2  3  4  5  6  7  8  9 10 |
---------------+-------------------------------+-----
Stealth        | 3 4 5 7 8 |  8.6
Long Blades    | 4 5 6 7 8 |  8.8
Dodging        | 4 5 6 |  6.5
Fighting       | 4 5 6 |  6.5
Shields        | 1 2 3 4 |  4.9
Invocations    | 2 3 |  3.3

Action                   |  1- 3 |  4- 6 |  7- 9 | 10-12 || total
-------------------------+-------+-------+-------+-------++-------
Melee: Falchion          |    18 |    74 |   195 |       ||   287
       Constrict         |     8 |    25 |    58 |     7 ||    98
       Dagger            |    16 |    34 |    82 |    49 ||   181
       Tentacles         |     8 |    28 |    88 |     9 ||   133
Invok: Renounce Religion |       |     1 |       |       ||     1
  Use: Scroll            |       |     9 |     9 |       ||    18
       Potion            |       |       |     2 |       ||     2
 Stab: Sleeping          |     9 |     8 |    15 |       ||    32
       Distracted        |       |       |     1 |       ||     1
  Eat: Chunk             |       |     7 |    12 |     1 ||    20
       Ration            |       |       |     2 |       ||     2
Armor: Skin              |     2 |     1 |     6 |     2 ||    11
Dodge: Dodged            |    18 |    52 |   134 |    18 ||   222
Block: Other             |       |     1 |    23 |       ||    24
       Large shield      |       |       |    40 |    31 ||    71
       Reflection        |       |       |     6 |       ||     6
       Rpst.: Falchion   |     4 |     7 |    26 |       ||    37

Vault maps used:
D:1:      lightli_arrival_windingriver
D:2:      chequers_ecumenical_altar_simple_redux
D:3:      first_ration
D:4:      corexii_shack_village
D:5:      cheibrodos_quashed, basic_altar
D:6:      serial_shops, shop, xom_redecorated
D:7:      minmay_temple_entry_fiery
D:8:      basic_altar
D:9:      overflow_temple_1_default, due_lair_maze_entry_diamond, serial_shops,
          kennysheep_mini, uniq_maurice
Temple:   minmay_crystal_snake_temple
